[Event "ICC tourney 1921 (15 5)"]
[Site "Internet Chess Club"]
[Date "2020.07.17"]
[Round "3"]
[White "Pinkqueens"]
[Black "insatiable27"]
[Result "0-1"]
[ICCResult "White checkmated"]
[WhiteElo "1390"]
[BlackElo "1458"]
[Opening "Ruy Lopez: Berlin defense"]
[ECO "C65"]
[NIC "RL.07"]
[Time "14:31:17"]
[TimeControl "900+5"]

1. e4 e5 2. Nf3 Nc6 3. Bb5 Nf6 4. d3 Bc5 5. c3 d6 6. d4 exd4 7. cxd4 Bb4+ 8.
Bd2 Bxd2+ 9. Nbxd2 d5 10. Ne5 Bd7 11. Qa4 Nxe5 12. dxe5 Nxe4 13. Nxe4 dxe4
14. Bxd7+ Qxd7 15. Qxe4 Qc6 16. Qxc6+ bxc6 17. O-O Rb8 18. b3 O-O 19. Rfe1
Rfe8 20. Rad1 Rbd8 21. Rc1 Re6 22. Rcd1 Rd5 23. f4 g6 24. Rc1 Rd2 25. Ra1
Re7 26. a4 Rd3 27. Rab1 Kg7 28. g3 f6 29. exf6+ Kxf6 30. Rec1 Re6 31. Rb2
Ke7 32. b4 Kd7 33. b5 Red6 34. Rbb1 R3d4 35. Ra1 Rb4 36. Ra2 a5 37. bxc6+
Rxc6 38. Rd1+ Rd6 39. Raa1 Rxd1+ 40. Rxd1+ Ke7 41. Re1+ Kf7 42. Ra1 c5 43.
Ra2 c4 44. Kf2 c3 45. Ke3 Rb2 46. Ra1 Rxh2 47. Rc1 Ra2 48. Rxc3 Rxa4 49.
Rc7+ Kg8 50. Rc8+ Kg7 51. Rc7+ Kf6 52. Rxh7 Ra3+ 53. Kf2 Ra2+ 54. Kf3 a4 55.
Ra7 a3 56. Ke3 Ra1 57. Kf2 a2 58. Kg2 Kf5 59. Ra5+ Ke4 60. Kf2 Rh1 61. Ra4+
Kf5 62. Ra5+ Kf6 63. Ra6+ Kg7 64. Ra7+ Kh6 65. Ra8 a1=Q 66. Rxa1 Rxa1 67.
Kf3 g5 68. Kg4 gxf4 69. Kxf4 Kg6 70. Kg4 Ra4+ 71. Kh3 Kg5 72. Kh2 Kg4 73.
Kg2 Ra2+ 74. Kf1 Kxg3 75. Ke1 Kf3 76. Kd1 Ke3 77. Kc1 Kd3 78. Kb1 Rh2 79.
Kc1 Rg2 80. Kb1 Kc3 81. Ka1 Kb3 82. Kb1 Rg1# {White checkmated} 0-1

[Event "ICC tourney 1921 (15 5)"]
[Site "Internet Chess Club"]
[Date "2020.07.17"]
[Round "3"]
[White "soggydollar"]
[Black "AwarePiece"]
[Result "1-0"]
[ICCResult "Black checkmated"]
[WhiteElo "1421"]
[BlackElo "1508"]
[Opening "Ruy Lopez: closed (10...c5)"]
[ECO "C96"]
[NIC "RL.23"]
[Time "14:22:11"]
[TimeControl "900+5"]

1. e4 e5 2. Nf3 Nc6 3. Bb5 a6 4. Ba4 Nf6 5. O-O Be7 6. Re1 b5 7. Bb3 d6 8.
c3 O-O 9. h3 Na5 10. Bc2 c5 11. d4 cxd4 12. cxd4 Nc6 13. Be3 Qc7 14. Nbd2
Bd7 15. Rc1 Qb7 16. Bb3 a5 17. a4 exd4 18. Nxd4 Nxd4 19. Bxd4 bxa4 20. Bxf6
Bxf6 21. Bd5 Qxb2 22. Bxa8 Rxa8 23. Nc4 Qb8 24. Qxd6 Qxd6 25. Nxd6 Bb2 26.
Rb1 Ba3 27. Nc4 Bb4 28. Red1 Bc6 29. f3 a3 30. Ra1 a4 31. Nxa3 Kf8 32. Kh2
Rb8 33. Rab1 Rb7 34. Nc4 a3 35. Ra1 Ra7 36. Rdb1 Bc5 37. Rb3 a2 38. Rb2 Bd4
39. Rbxa2 Rxa2 40. Rxa2 Ke7 41. Kg3 g6 42. Rd2 Bc5 43. Nb2 Bd6+ 44. Kf2 Ke6
45. Nd3 Be7 46. Ke3 Kf6 47. f4 Kg7 48. g4 Bd7 49. Rc2 Ba4 50. Rc7 Bd6 51.
Ra7 Bb5 52. e5 Bf8 53. e6 Kf6 54. Rxf7+ Kxe6 55. Rxf8 Bxd3 56. Kxd3 h5 57.
gxh5 gxh5 58. Ke4 Ke7 59. Rh8 Kf6 60. Rxh5 Kg6 61. Rg5+ Kf7 62. h4 Kf6 63.
h5 Ke6 64. h6 Kf6 65. h7 Kf7 66. h8=Q Ke7 67. Rg7+ Ke6 68. Qh6#
{Black checkmated}
1-0

[Event "ICC tourney 1921 (15 5)"]
[Site "Internet Chess Club"]
[Date "2020.07.17"]
[Round "3"]
[White "ChessHawk8"]
[Black "Hrushichess"]
[Result "1-0"]
[ICCResult "Black resigns"]
[WhiteElo "1536"]
[BlackElo "1329"]
[Opening "French: Steinitz variation"]
[ECO "C11"]
[NIC "FR.04"]
[Time "14:22:12"]
[TimeControl "900+5"]

1. e4 e6 2. d4 d5 3. Nc3 Nf6 4. e5 Nfd7 5. f4 a6 6. Nf3 c5 7. Be3 Nc6 8. Be2
Qb6 9. Rb1 cxd4 10. Nxd4 Bc5 11. Na4 Qa5+ 12. c3 Bxd4 13. Bxd4 b5 14. Nc5
O-O 15. b4 Qc7 16. O-O Nxd4 17. cxd4 Nxc5 18. bxc5 Bd7 19. Bd3 h6 20. Bc2
Bc6 21. Qd3 g6 22. Qg3 Kh7 23. h4 Rg8 24. h5 Rg7 25. hxg6+ fxg6 26. Qh3 Qe7
27. Rf3 Rh8 28. Qxh6+ Kg8 29. Qg5 Qxg5 30. fxg5 Rh4 31. Rd1 Rg4 32. Rf6 Bd7
33. Rxg6 Rxg6 34. Bxg6 Rxg5 35. Bc2 Rg4 36. Bb3 a5 37. Rd3 a4 38. Bd1 Re4
39. Bf3 Re1+ 40. Kf2 Ra1 41. a3 Ra2+ 42. Ke1 Rb2 43. Rc3 Bc6 44. Bg4 Kf7 45.
Rf3+ Ke7 46. Rf6 Bd7 47. c6 Bc8 48. c7 Rc2 49. Rh6 Rxc7 50. Rh7+ Kd8 51.
Rh8+ Kd7 52. Rh7+ Kc6 53. Rxc7+ Kxc7 54. Kd2 Kd7 55. Kc3 Ke7 56. Kb4 Bd7 57.
g3 Kf7 58. Bh5+ Kg7 59. Be2 Kh6 60. Bxb5 Bxb5 61. Kxb5 Kg5 62. Kxa4 Kg4 63.
Kb4 Kxg3 64. a4 Kf4 65. a5 Ke4 66. Kc5 Kd3 67. a6 Ke4 68. a7 Kd3 69. a8=Q
Ke4 70. Qg8 Kf5 71. Qh7+ Kf4 72. Qh6+ Kf5 73. Qh5+ Kf4 74. Qf7+ Ke4 75. Qxe6
Kf4 76. Qxd5 {Black resigns} 1-0

[Event "ICC tourney 1921 (15 5)"]
[Site "Internet Chess Club"]
[Date "2020.07.17"]
[Round "3"]
[White "ryanwang"]
[Black "WCCJCB"]
[Result "1/2-1/2"]
[ICCResult "Game drawn by repetition"]
[WhiteElo "1562"]
[BlackElo "1590"]
[Opening "Caro-Kann: Tartakower (Nimzovich) variation"]
[ECO "B15"]
[NIC "CK.06"]
[Time "14:22:32"]
[TimeControl "900+5"]

1. e4 c6 2. d4 d5 3. Nc3 dxe4 4. Nxe4 Nf6 5. Nxf6+ exf6 6. Nf3 Bd6 7. Bd3
O-O 8. O-O Nd7 9. Be3 Re8 10. Re1 Nf8 11. h3 Be6 12. c4 g6 13. Qd2 Qd7 14.
Bf4 Rad8 15. Bxd6 Qxd6 16. b3 Nd7 17. Rad1 f5 18. Bb1 Nf6 19. Qa5 a6 20. Qe5
Qxe5 21. Nxe5 Nd7 22. Nxd7 Rxd7 23. d5 cxd5 24. cxd5 Red8 25. Rd3 Bxd5 26.
Red1 Bc6 27. b4 Rxd3 28. Rxd3 Rxd3 29. Bxd3 Kg7 30. f4 Kf6 31. h4 Ke7 32.
Kf2 Kd6 33. g3 Be4 34. Be2 f6 35. Ke3 Bd5 36. a3 h6 37. Kd4 Bc6 38. Bd3 Bb5
39. Bc2 Bd7 40. Bd1 b6 41. Be2 Bb5 42. Bd1 g5 43. Bc2 Bd7 44. Bd3 a5 45. Bc2
axb4 46. axb4 Be6 47. Bd3 Kc6 48. Be2 Kd6 49. Bd3 Bd7 50. Be2 Kc6 51. Bd3
Be6 52. Be2 gxh4 53. gxh4 Kd6 54. Bd3 Bd7 55. Be2 Bc6 56. Bd3 Ke6 57. Be2
Be4 58. Bc4+ Kd6 59. Be2 Bc2 60. Bb5 Bb1 61. Bc4 Kc6 62. Be2 Be4 63. Bc4 Kd6
64. Be2 Ke6 65. Bc4+ Kd6 66. Be2 Bd5 67. Bd3 Be6 68. Be2 Bd7 69. Bd3 Ke6 70.
Bc4+ Kd6 71. Bd3 Bc8 72. Be2 Bb7 73. Bd3 Ke6 74. Bc4+ Kd6 75. Bd3 Bc8 76.
Be2 Bd7 77. Bd3 {Game drawn by repetition} 1/2-1/2

[Event "ICC tourney 1921 (15 5)"]
[Site "Internet Chess Club"]
[Date "2020.07.17"]
[Round "3"]
[White "Sricharan07"]
[Black "Frankiechess11"]
[Result "1-0"]
[ICCResult "Black forfeits on time"]
[WhiteElo "1474"]
[BlackElo "1441"]
[Opening "Ruy Lopez: Archangelsk (counterthrust) variation"]
[ECO "C70"]
[NIC "RL.09"]
[Time "14:31:04"]
[TimeControl "900+5"]

1. e4 e5 2. Nf3 Nc6 3. Bb5 a6 4. Ba4 b5 5. Bb3 Bb7 6. O-O Nf6 7. Re1 d6 8.
d3 Be7 9. a4 bxa4 10. Bxa4 O-O 11. Nbd2 h6 12. Nf1 Re8 13. Ng3 Qc8 14. Nf5
Qd8 15. Bb3 Rf8 16. Bd2 Rb8 17. Bc4 Ra8 18. Qc1 Ng4 19. h3 Nf6 20. Nh2 Nd4
21. Nxd4 exd4 22. Nf3 c5 23. b3 d5 24. exd5 Nxd5 25. Qd1 Bf6 26. Ra5 Qd6 27.
Bxd5 Qxd5 28. b4 Rfc8 29. Qb1 Rab8 30. Bf4 Ra8 31. Rxc5 Rxc5 32. bxc5 Bc6
33. Qb6 Bd8 34. Qb3 Qxc5 35. Ne5 Bd5 36. Qa4 Ba5 37. Rf1 Bc3 38. Qd7 Be6 39.
Qb7 Bd5 40. Qd7 Be6 41. Qb7 Bd5 42. Qb1 g5 43. Bg3 f5 44. f4 g4 45. hxg4
fxg4 46. Nxg4 Qe7 47. Qb6 Be6 48. f5 Bd7 49. Qxh6 Rf8 50. Be5 Rxf5 51. Nf6+
{Black forfeits on time}
1-0

[Event "ICC tourney 1921 (15 5)"]
[Site "Internet Chess Club"]
[Date "2020.07.17"]
[Round "4"]
[White "Ajitesh20091"]
[Black "shankar09"]
[Result "0-1"]
[ICCResult "White checkmated"]
[WhiteElo "1418"]
[BlackElo "1502"]
[Opening "Caro-Kann: exchange variation"]
[ECO "B13"]
[NIC "CK.02"]
[Time "15:16:21"]
[TimeControl "900+5"]

1. e4 c6 2. d4 d5 3. exd5 cxd5 4. Nf3 Nf6 5. Bf4 Nc6 6. c3 Bg4 7. Bd3 e6 8.
Nbd2 Bd6 9. Bg3 Qc7 10. Qe2 O-O 11. O-O-O a5 12. Bh4 Be7 13. Bxf6 Bxf6 14.
h3 Bxf3 15. Nxf3 a4 16. g4 a3 17. g5 axb2+ 18. Kb1 Be7 19. Qc2 Ra7 20. Bxh7+
Kh8 21. Bd3 Rfa8 22. Qxb2 Rxa2 23. Qxa2 Rxa2 24. Kxa2 Qa5+ 25. Kb1 Qxc3 26.
Bc2 Ba3 27. Rd3 Qb2# {White checkmated} 0-1

[Event "ICC tourney 1921 (15 5)"]
[Site "Internet Chess Club"]
[Date "2020.07.17"]
[Round "4"]
[White "gmcarebear999"]
[Black "jnkut"]
[Result "1-0"]
[ICCResult "Black resigns"]
[WhiteElo "1403"]
[BlackElo "1520"]
[Opening "QGD: Tarrasch defense"]
[ECO "D32"]
[NIC "TD.11"]
[Time "15:16:24"]
[TimeControl "900+5"]

1. d4 d5 2. c4 e6 3. Nf3 c5 4. cxd5 exd5 5. Nc3 Nf6 6. Bg5 Be7 7. dxc5 Bxc5
8. Bxf6 Qxf6 9. Qxd5 Bb6 10. Qe5+ Qxe5 11. Nxe5 Be6 12. O-O-O Bxf2 13. g3
Be3+ 14. Kc2 Bf5+ 15. Nd3 Nc6 16. Bg2 Nd4+ 17. Kb1 O-O-O 18. Rhf1 Rhe8 19.
Nd5 Nxe2 20. Rxf5 {Black resigns} 1-0

[Event "ICC tourney 1921 (15 5)"]
[Site "Internet Chess Club"]
[Date "2020.07.17"]
[Round "4"]
[White "Ananya22609"]
[Black "smashattack"]
[Result "0-1"]
[ICCResult "White resigns"]
[WhiteElo "1350"]
[BlackElo "1464"]
[Opening "Sicilian: Alapin's variation (2.c3)"]
[ECO "B22"]
[NIC "SI.46"]
[Time "15:16:18"]
[TimeControl "900+5"]

1. e4 c5 2. c3 d5 3. exd5 Qxd5 4. d4 Nf6 5. Nf3 e6 6. Be2 Nc6 7. O-O Be7 8.
h3 O-O 9. Be3 cxd4 10. cxd4 b6 11. Nc3 Qd7 12. Rc1 Bb7 13. Qd2 Nd5 14. Nxd5
Qxd5 15. Bc4 Qd7 16. Rfd1 Rfd8 17. d5 exd5 18. Bxd5 Qf5 19. a3 Na5 20. Rc7
Rxd5 {White resigns} 0-1

[Event "ICC tourney 1921 (15 5)"]
[Site "Internet Chess Club"]
[Date "2020.07.17"]
[Round "4"]
[White "Knightboy123"]
[Black "raghuraja"]
[Result "1-0"]
[ICCResult "Black checkmated"]
[WhiteElo "1442"]
[BlackElo "1440"]
[Opening "Sicilian: Najdorf, Byrne (English) attack"]
[ECO "B90"]
[NIC "SI.14"]
[Time "15:16:23"]
[TimeControl "900+5"]

1. e4 c5 2. Nf3 d6 3. d4 cxd4 4. Nxd4 Nf6 5. Nc3 a6 6. Be3 e5 7. Nb3 Be6 8.
f3 Be7 9. Qd2 Nbd7 10. O-O-O O-O 11. g4 b5 12. g5 b4 13. Ne2 Nh5 14. f4 a5
15. f5 Bxb3 16. cxb3 Qc7+ 17. Kb1 f6 18. g6 hxg6 19. Qd5+ Kh8 20. Ng3 Nf4
21. Bxf4 exf4 22. fxg6 Rfc8 23. Qh5+ Kg8 24. Qh7+ Kf8 25. Qh8#
{Black checkmated}
1-0

[Event "ICC tourney 1921 (15 5)"]
[Site "Internet Chess Club"]
[Date "2020.07.17"]
[Round "4"]
[White "VianYang"]
[Black "laiaswaminathan"]
[Result "1-0"]
[ICCResult "Black resigns"]
[WhiteElo "1297"]
[BlackElo "1200"]
[Opening "QGD: Marshall defense"]
[ECO "D06"]
[NIC "QP.08"]
[Time "15:16:13"]
[TimeControl "900+5"]

1. d4 d5 2. c4 Nf6 3. cxd5 Nxd5 4. e4 Nb6 5. Nc3 e6 6. Nf3 Nc6 7. Bd3 Nxd4
8. Nxd4 Qxd4 9. Bb5+ Bd7 10. Qxd4 O-O-O 11. Qe3 c6 12. Be2 Be7 13. O-O h6
14. f3 Na8 15. Qxa7 Kc7 16. Bf4+ Bd6 17. Bxd6+ Kxd6 18. Qxb7 Ke7 19. Qb4+
Kf6 20. Qd4+ Ke7 21. Qc5+ Kf6 22. e5+ Kg6 23. Bd3+ f5 24. exf6+ Kxf6 25.
Ne4+ Kf7 26. Nd6+ Kf6 27. Ne4+ Kf7 28. Qh5+ Ke7 29. Qg6 Rhg8 30. Bc4 Nb6 31.
Bb3 Nd5 32. Nc5 Be8 33. Qxe6+ Kf8 34. Bxd5 {Black resigns} 1-0

[Event "ICC tourney 1921 (15 5)"]
[Site "Internet Chess Club"]
[Date "2020.07.17"]
[Round "4"]
[White "Kinawa"]
[Black "inbha"]
[Result "1-0"]
[ICCResult "Black checkmated"]
[WhiteElo "1442"]
[BlackElo "1321"]
[Opening "Scotch gambit"]
[ECO "C44"]
[NIC "SO.06"]
[Time "15:16:14"]
[TimeControl "900+5"]

1. e4 e5 2. Nf3 Nc6 3. d4 exd4 4. Bc4 Bc5 5. Ng5 d5 6. Bxd5 Ne5 7. Bxf7+
Nxf7 8. Nxf7 Kxf7 9. Qh5+ g6 10. Qxc5 Qd6 11. Qxd6 cxd6 12. Bf4 Ke7 13. Nd2
Nf6 14. f3 Be6 15. Nb3 Bxb3 16. axb3 a6 17. O-O-O Rac8 18. Rxd4 Rc6 19. Rhd1
Rd8 20. e5 Ne8 21. Bg5+ Kd7 22. Bxd8 Kxd8 23. exd6 Kd7 24. Rh4 Nxd6 25.
Rxh7+ Ke6 26. Rg7 Kf6 27. Rd7 Ke6 28. R7xd6+ Rxd6 29. Rxd6+ Kxd6 30. Kd2 Ke5
31. Ke3 b5 32. c4 bxc4 33. bxc4 a5 34. f4+ Kf5 35. h3 a4 36. g4+ Ke6 37. h4
Kf6 38. h5 gxh5 39. gxh5 Kf5 40. h6 Kg6 41. c5 Kxh6 42. c6 Kg6 43. c7 Kf5
44. c8=Q+ Kf6 45. Qe8 Kf5 46. Qe5+ Kg6 47. f5+ Kf7 48. Qe6+ Kf8 49. Qd7 Kg8
50. f6 Kf8 51. Qe7+ Kg8 52. f7+ Kh8 53. f8=Q# {Black checkmated} 1-0

[Event "ICC tourney 1921 (15 5)"]
[Site "Internet Chess Club"]
[Date "2020.07.17"]
[Round "4"]
[White "Ksadury"]
[Black "combusken1123"]
[Result "1-0"]
[ICCResult "Black resigns"]
[WhiteElo "1476"]
[BlackElo "1392"]
[Opening "Sicilian: Pelikan (Lasker/Sveshnikov) variation"]
[ECO "B33"]
[NIC "SI.35"]
[Time "15:16:11"]
[TimeControl "900+5"]

1. e4 c5 2. Nf3 Nc6 3. d4 cxd4 4. Nxd4 Nf6 5. Nc3 e5 6. Ndb5 d6 7. Nd5 Nxd5
8. exd5 Nb8 9. c4 Be7 10. Be2 O-O 11. Be3 a6 12. Nc3 f5 13. f3 Bd7 14. O-O
Qa5 15. Rb1 Be8 16. b4 Qc7 17. a3 Nd7 18. Qb3 Nb6 19. c5 dxc5 20. d6+ Bf7
21. Qxf7+ Kxf7 22. dxc7 cxb4 23. axb4 Nd7 24. Bc4+ Kf6 25. Nd5+ Kf7 26. Nb6+
Ke8 27. Nxa8 {Black resigns} 1-0

[Event "ICC tourney 1921 (15 5)"]
[Site "Internet Chess Club"]
[Date "2020.07.17"]
[Round "4"]
[White "Hrushichess"]
[Black "LionMate"]
[Result "1-0"]
[ICCResult "Black checkmated"]
[WhiteElo "1370"]
[BlackElo "1271"]
[Opening "Sicilian: Najdorf, Lipnitzky attack"]
[ECO "B86"]
[NIC "SI.13"]
[Time "15:17:16"]
[TimeControl "900+5"]

1. e4 c5 2. Nf3 d6 3. d4 cxd4 4. Nxd4 Nf6 5. Nc3 a6 6. Bc4 e6 7. f3 b5 8.
Bb3 Be7 9. Be3 Bb7 10. Qd2 Nbd7 11. O-O-O O-O 12. h4 Ne8 13. g4 g6 14. h5
Ng7 15. hxg6 fxg6 16. Qh2 Kf7 17. Bxe6+ Nxe6 18. Nxe6 Kxe6 19. Qxh7 Ne5 20.
f4 Rh8 21. Qg7 Rg8 22. f5+ Kd7 23. Qxe5 gxf5 24. Qxf5+ Kc7 25. Nd5+ Kb8 26.
Bb6 Qf8 27. Bc7+ Ka7 28. Nxe7 Qxf5 29. Nxf5 Rac8 30. Bxd6 Bxe4 31. Rh2 Rxg4
32. Ne3 Rg5 33. Bf4 Rf5 34. Nxf5 Bxf5 35. Rd5 Bg4 36. Rh7+ Ka8 37. Rg5 Bf3
38. Rgg7 Rd8 39. Ra7# {Black checkmated} 1-0

[Event "ICC tourney 1921 (15 5)"]
[Site "Internet Chess Club"]
[Date "2020.07.17"]
[Round "4"]
[White "Senmeesin"]
[Black "Oliver0731"]
[Result "0-1"]
[ICCResult "White resigns"]
[WhiteElo "1153"]
[BlackElo "1451"]
[Opening "two knights: Max Lange attack, Steinitz variation"]
[ECO "C55"]
[NIC "KP.02"]
[Time "15:17:52"]
[TimeControl "900+5"]

1. e4 e5 2. Nf3 Nc6 3. d4 exd4 4. Bc4 Nf6 5. e5 Ng4 6. O-O Bc5 7. h3 Ngxe5
8. Nxe5 Nxe5 9. Re1 d6 10. f4 O-O 11. fxe5 Qh4 12. Rf1 d3+ 13. Kh1 Bxh3 14.
Qe1 Bxg2+ 15. Kxg2 Qg4+ 16. Qg3 Qxc4 17. Bh6 Qxc2+ 18. Nd2 g6 19. Bxf8 Qxd2+
20. Kh3 Rxf8 21. Rad1 Qh6+ 22. Kg2 d2 23. exd6 Bxd6 24. Qd3 Qh2+ 25. Kf3
Qg3+ 26. Ke4 Re8+ 27. Kd4 c5+ 28. Kc3 Re3 29. Rxd2 Be5+ 30. Kc2 Rxd3 31.
Rxd3 Qg2+ 32. Rd2 Qxf1 {White resigns} 0-1

[Event "ICC tourney 1921 (15 5)"]
[Site "Internet Chess Club"]
[Date "2020.07.17"]
[Round "4"]
[White "ChessHawk8"]
[Black "ChoppinHeadz"]
[Result "1-0"]
[ICCResult "Black checkmated"]
[WhiteElo "1571"]
[BlackElo "1427"]
[Opening "Sicilian: Kan, 5.Nc3"]
[ECO "B43"]
[NIC "SI.41"]
[Time "15:16:23"]
[TimeControl "900+5"]

1. e4 c5 2. Nf3 e6 3. d4 cxd4 4. Nxd4 a6 5. Nc3 Qc7 6. f3 Nf6 7. Be3 Bb4 8.
Bd2 d5 9. exd5 Qe5+ 10. Nde2 exd5 11. a3 Ba5 12. f4 Qe7 13. g3 O-O 14. Bg2
d4 15. Nd5 Nxd5 16. Bxd5 Bxd2+ 17. Qxd2 Rd8 18. Bg2 Bf5 19. O-O d3 20. cxd3
Rxd3 21. Qe1 Re3 22. Rd1 Rxe2 23. Qxe2 Qc5+ 24. Qf2 Qc7 25. Bxb7 Qxb7 26.
Rd8# {Black checkmated} 1-0

[Event "ICC tourney 1921 (15 5)"]
[Site "Internet Chess Club"]
[Date "2020.07.17"]
[Round "4"]
[White "saikolli"]
[Black "Roger436"]
[Result "0-1"]
[ICCResult "White checkmated"]
[WhiteElo "1471"]
[BlackElo "1358"]
[Opening "Sicilian: accelerated fianchetto, Maróczy bind, 5...Bg7"]
[ECO "B37"]
[NIC "SI.33"]
[Time "15:17:10"]
[TimeControl "900+5"]

1. e4 c5 2. Nf3 Nc6 3. d4 cxd4 4. Nxd4 g6 5. c4 Bg7 6. Nxc6 bxc6 7. Qc2 e6
8. Be2 Ne7 9. O-O d5 10. cxd5 cxd5 11. Bd2 O-O 12. Rd1 Bd7 13. Bc3 Rc8 14.
Qd2 Qc7 15. Bxg7 Kxg7 16. Na3 Qe5 17. exd5 Nxd5 18. Qd4 Qxd4 19. Rxd4 Rb8
20. b3 Rfc8 21. Bc4 Bc6 22. Rc1 Rb4 23. Nc2 Rbb8 24. Ba6 Rc7 25. Na3 Nb4 26.
Nb5 Bxb5 27. Rxc7 Bxa6 28. Rdd7 Rf8 29. Rxa7 Bd3 30. a3 Nd5 31. Rd6 Rc8 32.
f3 Rc1+ 33. Kf2 Rc2+ 34. Kg3 Bf1 35. Rxe6 Rxg2+ 36. Kh4 Rxh2+ 37. Kg3 Rg2+
38. Kh4 g5+ 39. Kh5 Nf4# {White checkmated} 0-1

[Event "ICC tourney 1921 (15 5)"]
[Site "Internet Chess Club"]
[Date "2020.07.17"]
[Round "4"]
[White "DankMemer"]
[Black "sgangavarapu"]
[Result "0-1"]
[ICCResult "White resigns"]
[WhiteElo "1562"]
[BlackElo "1572"]
[Opening "Queen's Pawn"]
[ECO "B07"]
[NIC "QO.17"]
[Time "15:16:03"]
[TimeControl "900+5"]

1. d4 d6 2. e4 g6 3. Nf3 Bg7 4. Be2 Nf6 5. Bd3 O-O 6. O-O Nbd7 7. Bg5 h6 8.
Be3 e5 9. d5 c6 10. c4 Ng4 11. Bd2 f5 12. Nc3 Nc5 13. Bc2 cxd5 14. cxd5 fxe4
15. Nxe4 Nxe4 16. Bxe4 Bf5 17. Bxf5 gxf5 18. h3 Nf6 19. Bc3 Ne4 20. Rc1 Qe7
21. Nd2 Nxc3 22. Rxc3 e4 23. Rb3 b6 24. Re1 Rae8 25. Nc4 f4 26. Nd2 e3 27.
Nf3 exf2+ 28. Kxf2 Qf7 29. Rxe8 Rxe8 30. Rb4 Rc8 31. Qd2 Qg6 32. Ne1 Be5 33.
Qd3 Qg3+ 34. Qxg3+ fxg3+ 35. Ke3 Kf7 36. Nd3 Rc2 37. Nxe5+ dxe5 38. Kf3 Ke7
39. Kxg3 Kd6 40. Rxb6+ {White resigns} 0-1

[Event "ICC tourney 1921 (15 5)"]
[Site "Internet Chess Club"]
[Date "2020.07.17"]
[Round "4"]
[White "HenriVZ"]
[Black "otcm"]
[Result "1-0"]
[ICCResult "Black resigns"]
[WhiteElo "1314"]
[BlackElo "1052"]
[Opening "Sicilian: dragon, Yugoslav attack, 10.O-O-O"]
[ECO "B78"]
[NIC "SI.18"]
[Time "15:16:11"]
[TimeControl "900+5"]

1. e4 c5 2. Nf3 d6 3. d4 cxd4 4. Nxd4 Nf6 5. Nc3 g6 6. Be3 Bg7 7. f3 O-O 8.
Qd2 Nc6 9. Bc4 Bd7 10. O-O-O Rc8 11. Bb3 Ne5 12. Kb1 a6 13. h4 b5 14. h5
Nxh5 15. g4 Nf6 16. Bh6 b4 17. Bxg7 Kxg7 18. Qh6+ Kg8 19. Nd5 Re8 20. Nxf6+
exf6 21. Qxh7+ Kf8 22. f4 Nc4 23. e5 Bxg4 24. Qh8+ Ke7 25. Qxf6+ Kd7 26.
Qxf7+ Re7 27. Ba4+ Kc7 28. Qxc4+ Kb8 29. Qxb4+ Ka8 30. Bc6+ Ka7 31. exd6 Rf7
32. Qc5+ Qb6 33. Qxb6+ Kxb6 34. Rdg1 Rxf4 35. Rxg4 Rxg4 36. Bd7 Rxd4 37.
Bxc8 Rxd6 38. Rg1 g5 39. c3 Rd5 40. Kc2 Rf5 41. Bxf5 {Black resigns} 1-0

[Event "ICC tourney 1921 (15 5)"]
[Site "Internet Chess Club"]
[Date "2020.07.17"]
[Round "4"]
[White "che2468"]
[Black "chessmaster0981"]
[Result "1-0"]
[ICCResult "Black resigns"]
[WhiteElo "1396"]
[BlackElo "1326"]
[Opening "Queen's pawn game"]
[ECO "D00"]
[NIC "QP.07"]
[Time "15:16:18"]
[TimeControl "900+5"]

1. d4 Nf6 2. Nc3 d5 3. Bf4 a6 4. e3 e6 5. a3 c5 6. Nf3 Nc6 7. Be2 Bd6 8.
Bxd6 Qxd6 9. O-O O-O 10. Na4 Ne4 11. dxc5 Nxc5 12. Nb6 Rb8 13. Nxc8 Rbxc8
14. Nd4 Nxd4 15. Qxd4 f5 16. Rad1 Rf6 17. c4 Rd8 18. cxd5 exd5 19. Bf3 Ne4
20. Rd3 Rh6 21. h3 Rg6 22. Rfd1 Qc7 23. Bxe4 fxe4 24. Qxe4 Rc6 25. Rxd5 Rf8
26. Rd7 Qb8 27. Qe7 Rg6 28. Rd8 {Black resigns} 1-0

[Event "ICC tourney 1921 (15 5)"]
[Site "Internet Chess Club"]
[Date "2020.07.17"]
[Round "4"]
[White "Mulan2009"]
[Black "jvihaan"]
[Result "0-1"]
[ICCResult "White resigns"]
[WhiteElo "1561"]
[BlackElo "1319"]
[Opening "Giuoco Pianissimo"]
[ECO "C55"]
[NIC "IG.01"]
[Time "15:16:07"]
[TimeControl "900+5"]

1. e4 e5 2. Nf3 Nc6 3. Bc4 Nf6 4. d3 Bc5 5. Be3 Bxe3 6. fxe3 O-O 7. O-O d6
8. Nc3 Be6 9. Bd5 Bxd5 10. exd5 Ne7 11. e4 c6 12. dxc6 Nxc6 13. Nd2 Qb6+ 14.
Kh1 Qxb2 15. Ne2 Qb6 16. Nc4 Qd8 17. Rb1 Rb8 18. Ng3 d5 19. exd5 Nxd5 20.
Qd2 b5 21. Ne3 Nxe3 22. Qxe3 Qd4 23. Qf3 Ne7 24. Nf5 Nxf5 25. Qxf5 g6 26.
Qf6 Rb6 27. Qe7 Re6 28. Qa3 a6 29. Rb4 Qc5 30. Qb2 Rc8 31. c4 bxc4 32. Rxc4
Qf8 33. Rfc1 Rxc4 34. Rxc4 Rf6 35. h3 Qd6 36. Re4 Rf1+ 37. Kh2 f5 38. Qxe5
Qxe5+ 39. Rxe5 Rd1 40. Ra5 Rxd3 41. Rxa6 Kf7 42. Rc6 Ra3 43. Rc2 Ke6 44. g3
Kd5 45. h4 Kd4 46. Rd2+ Rd3 47. Rxd3+ Kxd3 48. a4 Kc4 49. g4 fxg4 50. Kg3 h5
51. Kf4 Kb4 52. Ke4 Kxa4 53. Kd4 Kb4 54. Kd3 Kc5 55. Ke4 Kc4 56. Kf4 Kd4 57.
Kg3 Ke3 58. Kh2 Kf2 59. Kh1 Kg3 60. Kg1 Kxh4 61. Kg2 g3 62. Kg1 Kh3 63. Kh1
g5 64. Kg1 g2 65. Kf2 Kh2 66. Kf3 g1=Q 67. Ke4 Qc5 68. Kd3 Qb4 69. Kc2 Qa3
70. Kb1 g4 71. Kc2 g3 72. Kd2 g2 73. Kc2 g1=Q {White resigns} 0-1

[Event "ICC tourney 1921 (15 5)"]
[Site "Internet Chess Club"]
[Date "2020.07.17"]
[Round "4"]
[White "sswagatha"]
[Black "winner08"]
[Result "0-1"]
[ICCResult "White checkmated"]
[WhiteElo "1374"]
[BlackElo "1612"]
[Opening "Giuoco Piano"]
[ECO "C54"]
[NIC "IG.02"]
[Time "15:16:24"]
[TimeControl "900+5"]

1. e4 e5 2. Nf3 Nc6 3. Bc4 Bc5 4. c3 Nf6 5. d4 exd4 6. cxd4 Bb4+ 7. Bd2 Nxe4
8. Bxb4 Nxb4 9. Bxf7+ Kxf7 10. Qb3+ Kf8 11. Qxb4+ Qe7 12. Qxe7+ Kxe7 13. O-O
Re8 14. Re1 Kf8 15. Ne5 Nf6 16. Nc3 d6 17. Nf3 Bd7 18. h3 Rxe1+ 19. Rxe1 Re8
20. Rxe8+ Kxe8 21. a4 Kf7 22. b3 Ke6 23. Nb5 Bxb5 24. axb5 Kd5 25. Kf1 Ne4
26. Ke1 Nc3 27. g4 Nxb5 28. Ng5 h6 29. Nf3 Nxd4 30. Nxd4 Kxd4 31. Ke2 Kc3
32. f4 d5 33. g5 hxg5 34. fxg5 d4 35. Kd1 b5 36. h4 a5 37. h5 a4 38. bxa4
bxa4 39. h6 a3 40. hxg7 a2 41. g8=Q a1=Q+ 42. Ke2 d3+ 43. Ke3 Qe1+ 44. Kf4
Qf2+ 45. Ke5 Qe3+ 46. Kf6 Qf3+ 47. Kg6 Qe4+ 48. Kh6 Qc6+ 49. g6 d2 50. Qg7+
Kc2 51. Qa1 d1=Q 52. Qa2+ Kd3 53. Qa3+ Qc3 54. Qa6+ Kc2 55. Qa2+ Qb2 56.
Qa4+ Kb1 57. Qe4+ Qdc2 58. Qe1+ Qcc1+ 59. Qxc1+ Qxc1+ 60. Kh7 Qg1 61. g7 c5
62. g8=Q Qxg8+ 63. Kxg8 c4 64. Kf7 c3 65. Kf6 c2 66. Kf5 c1=Q 67. Ke5 Kc2
68. Kf5 Qe3 69. Kf6 Qc5 70. Kg6 Qe5 71. Kf7 Qd6 72. Kg7 Qe6 73. Kf8 Qd7 74.
Kg8 Qe7 75. Kh8 Kd3 76. Kg8 Ke4 77. Kh8 Kf5 78. Kg8 Kg6 79. Kh8 Qf8#
{White checkmated}
0-1

[Event "ICC tourney 1921 (15 5)"]
[Site "Internet Chess Club"]
[Date "2020.07.17"]
[Round "4"]
[White "mancogu"]
[Black "RobloxMadCity"]
[Result "1-0"]
[ICCResult "Black checkmated"]
[WhiteElo "1331"]
[BlackElo "1378"]
[Opening "Sicilian defense"]
[ECO "B34"]
[NIC "SI.33"]
[Time "15:16:26"]
[TimeControl "900+5"]

1. e4 c5 2. Nf3 Nc6 3. d4 cxd4 4. Nxd4 g6 5. Be3 Bg7 6. Nc3 Nf6 7. f3 O-O 8.
Qd2 d5 9. exd5 Nxd5 10. Nxd5 Qxd5 11. Nxc6 bxc6 12. Qxd5 cxd5 13. O-O-O Bb7
14. Be2 Rfc8 15. Kb1 e6 16. Rhg1 a5 17. f4 Ba6 18. Bxa6 Rxa6 19. Bd4 Bxd4
20. Rxd4 Rac6 21. Rd2 Rc4 22. g3 Kg7 23. b3 Rc3 24. Rc1 Kf6 25. Rd3 Rxd3 26.
cxd3 Rxc1+ 27. Kxc1 Kf5 28. h3 e5 29. fxe5 Kxe5 30. Kd2 Kd4 31. a3 f5 32. h4
h6 33. b4 a4 34. Ke2 g5 35. hxg5 hxg5 36. Kd2 f4 37. gxf4 gxf4 38. Ke2 Ke5
39. Kf3 d4 40. Ke2 Kd5 41. Kf3 Ke5 42. Kg4 Kd5 43. Kxf4 Kc6 44. Ke4 Kb5 45.
Kxd4 Kc6 46. Kc4 Kd6 47. b5 Kc7 48. Kc5 Kb7 49. b6 Kb8 50. Kc6 Kc8 51. d4
Kb8 52. b7 Ka7 53. Kc7 Ka6 54. b8=Q Ka5 55. Qb4+ Ka6 56. Qb6# {Black
checkmated} 1-0